 Dungeon Crawl Stone Soup version 0.30.1-4-g462c640d31 (webtiles) character file.

Game seed: 7595875818417908912

121 Peloso the Shield-Bearer (level 4, 40/40 HPs)
             Began as a Minotaur Fighter on Aug 14, 2023.
             Got out of the dungeon alive.
             The game lasted 00:03:48 (1314 turns).

Peloso the Shield-Bearer (Minotaur Fighter)         Turns: 1314, Time: 00:03:48

Health: 40/40      AC:  7    Str: 21    XL:     4   Next: 77%
Magic:  3/3        EV: 10    Int:  5    God:
Gold:   116        SH:  5    Dex: 11    Spells: 3/3 levels left

rFire   . . .        a - +0 long sword
rCold   . . .        l - +0 buckler
rNeg    . . .        c - +0 scale mail
rPois   .            (helmet restricted)
rElec   .            (no cloak)
rCorr   .            (no gloves)
SInv    .            (no boots)
Will    .....        (no amulet) Stlth
                     (no ring)
HPRegen 0.26/turn    (no ring)
MPRegen 0.08/turn

%: no passive effects
@: no status effects
A: horns 2, retaliatory headbutt, talons 1
a: no special abilities


You escaped.
You visited 1 branch of the dungeon, and saw 2 of its levels.

You collected 116 gold pieces.

Inventory:

Hand Weapons
 a - a +0 long sword (weapon)
 b - a +0 hand axe of flaming
Armour
 c - a +0 scale mail (worn)
 l - a +0 buckler (worn)
Wands
 j - a wand of flame (14)
Scrolls
 k - a scroll of immolation
Potions
 d - 2 potions of might
 e - a potion of curing
 f - a potion of berserk rage


   Skills:
 + Level 4.3 Fighting
 + Level 3.6 Long Blades
 + Level 4.4 Armour
 + Level 1.7 Dodging
 + Level 4.4 Shields


You had 3 spell levels left.
You didn't know any spells.
Your spell library contained the following spells:

 Spells                   Type           Power      Damage    Failure   Level
 Iskenderun's Battlesphe  Conj           0%         2d6       100%        5
 Iron Shot                Conj/Erth      0%         9d1       100%        6
 Spellforged Servitor     Conj/Summ      0%         N/A       100%        7


Dungeon Overview and Level Annotations

Branches:
Dungeon (2/15)

Altars:


Innate Abilities, Weirdness & Mutations

You have a pair of horns on your head.
You reflexively headbutt those who attack you in melee.
You have sharp toenails.


Message History

Natasha zaps a wand.
The puff of flame hits you! The cerulean imp barely misses you.
The cerulean imp hits you but does no damage.
Unknown command.
You slash Natasha!
You kill Natasha!
You feel Natasha's spirit has finally been put to rest.
The cerulean imp disappears in a puff of smoke! x2
Your Dodging skill increases to level 1!
j - a wand of flame (14) Unknown command.
Done exploring.
Done exploring.
As you read the scroll of identify, it crumbles to dust.
i - a scroll of torment You drop a scroll of torment.
It was a potion of berserk rage.
A red film seems to cover your vision as you go berserk!
You feel yourself moving faster!
You feel mighty!
You feel a strong urge to attack something.
You feel your anger nearly subside.
You are no longer berserk.
You are exhausted.
You feel yourself slow down.
It was a potion of mutation.
You feel extremely strange.
Your toenails lengthen and sharpen.
Welcome back, Peloso the Minotaur Fighter.
Press ? for a list of commands and other information.
(D) Dungeon
Where to? (? - help)
What level of the Dungeon? (default 1, ? - help)
You feel yourself speed up.
There is a stone staircase leading up here.
You climb upwards.
There is a stone staircase leading down here.
You recover from your berserk rage.
There is a stone staircase leading down here.
There is a staircase leading out of the dungeon here.
Are you sure you want to leave the Dungeon?
This will make you lose the game!
You have escaped!

### ##########.################
#.............)............
#.########..###############
##.## #..# ##...#######..# ##
#####.#.#.##......########
####.
.........................##
#....
#####.#....##...@...##....#
#.##. #
####....................###.###
###.....#################..##.#
.##.##..#.P.PPPPP.♣♣P.P♣#.....#
.##.###.#P...PP.♣PPPPPP.#.###.#
........#PPP.PP...PP.♣P.#.# #.#
.########.P♣PP.PPPPPPPPP#.###.#
....# ......P..PP.PPP#.....#
###.# ###.#.###


There were no monsters in sight!

Vanquished Creatures
  Natasha (thrice) (D:2)
  A gnoll (D:1)
  An adder (D:2)
  A dart slug (D:1)
  3 bats
  2 endoplasms
  3 giant cockroaches
  4 goblins
  2 hobgoblins (D:1)
  3 ball pythons
  3 frilled lizards
  2 kobolds
  2 rats (D:1)
30 creatures vanquished.

Notes
Turn   | Place    | Note
-------+----------+-------------------------------------------
     0 | D:1      | Peloso the Minotaur Fighter began the quest for the Orb.
     0 | D:1      | Reached XP level 1. HP: 19/19 MP: 0/0
   318 | D:1      | Reached XP level 2. HP: 27/27 MP: 1/1
   456 | D:1      | Reached XP level 3. HP: 33/33 MP: 2/2
   978 | D:2      | Identified the -1 helmet "Zuaq" {Will+ Str+3}
   997 | D:2      | Noticed Natasha
  1000 | D:2      | Killed Natasha
  1001 | D:2      | Reached XP level 4. HP: 35/40 MP: 3/3
  1048 | D:2      | Noticed Natasha
  1054 | D:2      | Killed Natasha
  1159 | D:2      | Noticed Natasha
  1166 | D:2      | Killed Natasha
  1167 | D:2      | Reached skill level 1 in Dodging
  1254 | D:2      | Gained mutation: You have sharp toenails. [potion of
                  | mutation]
  1314 | D:$      | Got out of the dungeon alive.

Illustrated notes

Levels and vault maps discovered:
D:1:      minmay_arrival_arboretum_small, layout_loops_ring
D:2:      layout_rooms, kennysheep_potato, uniq_natasha

Skill      XL: |  1  2  3  4 |
---------------+-------------+-----
Armour         | 4 |  4.4
Shields        | 4 |  4.4
Long Blades    | 3 |  3.6
Fighting       | 4 |  4.3
Dodging        | 1 |  1.7

Action                     |  1- 3 |  4- 6 || total
---------------------------+-------+-------++-------
  Melee: Long sword        |    55 |     8 ||    63
         Headbutt          |     7 |     1 ||     8
    Use: Potion            |     3 |     2 ||     5
         Scroll            |     3 |     1 ||     4
 Armour: Scale mail        |    16 |     4 ||    20
  Dodge: Dodged            |    39 |     5 ||    44
  Block: Buckler           |    15 |     2 ||    17
